Map: Thunderbird LE

Players

Mez - Winner!

  • Race: Terran Terran
  • League: Master
  • Spawn Location: 11:00

IRonY

  • Race: Protoss Protoss
  • League: Master
  • Spawn Location: 5:00

VOD

Have the link to the VOD?

Description

Time

  • Played on: Aug. 31, 2019, 5:59 p.m.
  • Length: 3:24
Show
View Real Time Build Order
Export as new Build Order

Mez Terran - Winner!

Build Orders: Reaper Expand 

Get SALT Encoding   

  12  0:00  SCV  
  13  0:13  SCV  
  14  0:17  Supply Depot  
  14  0:25  SCV  
  15  0:39  SCV  
  15  0:40  Barracks  
  16  0:45  Refinery  
  16  0:51  SCV  
  17  1:03  SCV  
  18  1:15  SCV  
  19  1:30  Orbital Command, Reaper  
  20  1:46  Command Center  
  20  1:56  SCV  
  21  2:04  Marine  
  23  2:08  SCV  
  23  2:10  Bunker  
  23  2:14  Supply Depot  
  23  2:23  Barracks Reactor  
  24  2:48  Command Center, SCV  
  24  2:49  Factory  
  24  3:00  SCV  
Show
View Real Time Build Order
Export as new Build Order

IRonY Protoss 

Build Orders:  

Get SALT Encoding   

  12  0:01  Probe  
  13  0:13  Probe  
  14  0:16  Pylon  
  14  0:25  Probe  
  15  0:34  Probe  
  15  0:36  Gateway  
  15  0:42  Probe  
  16  0:48  Assimilator  
  17  0:52  Probe  
  19  1:04  Probe  
  19  1:16  Probe  
  20  1:23  Cybernetics Core  
  20  1:24  Gateway  
  20  1:28  Probe  
  21  1:40  Probe  
  22  1:50  Stalker  
  22  1:57  Pylon  
  23  2:07  Stalker  
  25  2:23  Nexus  
  25  2:27  Stalker  
  27  2:47  Probe  
  27  2:49  Assimilator  
  28  2:54  Pylon  
  28  2:59  Probe  
  31  3:11  Probe  
Tags
 
Add a new tag
Caveats
  • Supply blocks, unpowered buildings, or Contaminate may cause inaccurate times.
  • Supply counts are checked every 10 seconds.